 Dungeon Crawl Stone Soup version 0.27-a0-1123-g2f9bb313c0 (webtiles) character file.

Game seed: 5539092641619478174

65 Azzok the Chopper (level 3, 0/29 HPs)
             Began as a Demonspawn Berserker on May 3, 2021.
             Was a Believer of Trog.
             Frozen to death by an endoplasm (4 damage)
             ... on level 2 of the Dungeon.
             The game lasted 00:01:48 (3144 turns).

Azzok the Chopper (Demonspawn Berserker)            Turns: 3144, Time: 00:01:48

Health: 0/29       AC: 10    Str: 18    XL:     3   Next: 94%
Magic:  3/3        EV:  5    Int: 10    God:    Trog [**....]
Gold:   197        SH:  0    Dex: 12    Spells: 2/2 levels left

rFire    . . .     SeeInvis .   a - +0 hand axe
rCold    . . .     Faith    .   (no shield)
rNeg     . . .     Spirit   .   l - +0 plate armour
rPois    .         Reflect  .   (no helmet)
rElec    .         Harm     .   (no cloak)
rCorr    +         Rampage  .   (no gloves)
Will     .....                  (no boots)
Stlth    ..........             (no amulet)
HPRegen  0.09/turn              i - ring of resist corrosion
MPRegen  0.08/turn              (no ring)

@: no status effects
A: claws 1, big brain 1
a: Renounce Religion, Berserk, Trog's Hand


You were on level 2 of the Dungeon.
You worshipped Trog.
Trog was pleased with you.
You visited 1 branch of the dungeon, and saw 3 of its levels.

You collected 197 gold pieces.

Inventory:

Hand Weapons
 a - a +0 hand axe (weapon)
Armour
 l - a +0 plate armour (worn)
Jewellery
 i - a ring of resist corrosion (left claw)
Scrolls
 c - a scroll of fear {unknown}
 e - a scroll of silence {unknown}
 g - 2 scrolls of enchant weapon {unknown}
 j - a scroll of magic mapping {unknown}
 k - a scroll of identify {unknown}
Potions
 f - 2 potions of invisibility {unknown}
 h - a potion of curing {unknown}


   Skills:
 - Level 3.0 Fighting
 + Level 4.4 Axes
 - Level 1.7 Armour
 - Level 1.7 Dodging


You had 2 spell levels left.
You didn't know any spells.
Your spell library was empty.

Dungeon Overview and Level Annotations

Branches:
Dungeon (3/15)

Altars:
Gozag
Nemelex Xobeh
Xom

Annotations:
D:2 Sigmund


Innate Abilities, Weirdness & Mutations

You have sharp fingernails.
You have an unusually large brain. (Int +2)


Message History

Trog accepts your kill. Sigmund gestures at you while chanting.
The magic dart hits you.
Things that are here:
a +0 dagger; a goblin corpse Sigmund gestures at you while chanting.
You are confused.
You bump into the rock wall.
Sigmund gestures at you while chanting. The puff of flame hits you.
You bump into the rock wall.
You bump into the rock wall.
Sigmund gestures at you while chanting.
You are more confused.
You bump into the rock wall.
The endoplasm barely misses you.
You bump into the rock wall.
The endoplasm freezes you.
You are frozen.
You bump into the rock wall.
Sigmund gestures at himself while chanting.
Sigmund flickers and vanishes!
Deactivating autopickup; reactivate with Ctrl-A.
The endoplasm freezes you.
You are frozen.
You bump into the rock wall.
A magic dart appears from out of thin air!
The magic dart hits you.
* * * LOW HITPOINT WARNING * * *
The endoplasm hits you but does no damage.
You bump into the rock wall.
Something hits you but does no damage.
The endoplasm hits you but does no damage.
You bump into the rock wall.
You feel less confused. Something hits you but does no damage.
The endoplasm freezes you.
You are frozen.
* * * LOW HITPOINT WARNING * * *
The endoplasm freezes you.
You are frozen.
You die...

·▒▒▒▒▒▒▒▒·····▒
····†·········▒ ·▒
▒·············▒ ·▒
▒·············▒ ·▒
▒··········▒▒▒▒ ·▒
▒··········▒▒▒▒▒▒·▒▒
▒··················▒
▒············)·····▒
·▒··▒▒▒▒▒▒▒···{J@··▒
···········>·▒
··········$··▒
··············▒
··············▒
·······▒▒▒▒▒▒▒▒
······· ······
▒▒▒▒▒▒▒▒▒▒▒▒ ▒·▒
▒··········▒


You could see an endoplasm.

Vanquished Creatures
  2 adders (D:2)
  A worm (D:2)
  A dart slug (D:2)
  4 orcs (D:3)
  3 ball pythons
  4 bats
  2 endoplasms
  7 goblins
  3 jackals (D:1)
  3 quokkas
  2 frilled lizards (D:1)
  2 kobolds (D:1)
  2 rats (D:1)
36 creatures vanquished.

Notes
Turn   | Place    | Note
-------+----------+-------------------------------------------
     0 | D:1      | Azzok the Demonspawn Berserker began the quest for the Orb.
     0 | D:1      | Reached XP level 1. HP: 18/18 MP: 1/1
    89 | D:1      | Reached skill level 3 in Axes
   164 | D:1      | Gained mutation: You have an unusually large brain. (Int
                  | +2) [demonic ancestry]
   164 | D:1      | Reached XP level 2. HP: 17/24 MP: 2/2
  1406 | D:2      | Noticed Sigmund
  1413 | D:2      | Gained mutation: You have sharp fingernails. [demonic
                  | ancestry]
  1413 | D:2      | Reached XP level 3. HP: 17/29 MP: 3/3
  2135 | D:3      | Found a shimmering altar of Xom.
  2158 | D:3      | Reached skill level 4 in Axes
  2297 | D:3      | Found a faded altar of an unknown god.
  2319 | D:3      | Reached ** piety under Trog
  2616 | D:3      | Found a sparkling altar of Nemelex Xobeh.
  2858 | D:3      | Found an opulent altar of Gozag.
  3144 | D:2      | Frozen to death by an endoplasm

Illustrated notes

Levels and vault maps discovered:
D:1:      onia_arrival_mini_maze_b, layout_basic
D:2:      minmay_door_path, layout_basic, uniq_sigmund
D:3:      layout_basic, old_standard_altar, old_standard_altar,
          lemuel_tele_altar, basic_ecumenical_altar, minmay_three_crescents

Skill      XL: |  1  2  3 |
---------------+----------+-----
Axes           | 3 4 |  4.4
Fighting       | |  3.0
Armour         | |  1.7
Dodging        | |  1.7

Action                   || total
-------------------------++-------
Melee: Hand axe          ||   105
Invok: Berserk           ||     1
Armor: Animal skin       ||    14
       Ring mail         ||     8
       Plate armour      ||    22
Dodge: Dodged            ||    69

Table legend: (Time is in decaauts)
 A = Elapsed time spent in this place.
 B = Non-inter-level travel time spent in this place.
 C = Inter-level travel time spent in this place.
 D = Time resting spent in this place.
 E = Time spent auto-exploring this place.
 F = Levels seen in this place.
 G = Mean time per level.
                   A        B        C        D        E       F      G
               +--------+--------+--------+--------+--------+-----+--------+
         Total |   3168 |   3082 |     86 |    733 |   1997 |   3 | 1056.0 |
       Dungeon |   3168 |   3082 |     86 |    733 |   1997 |   3 | 1056.0 |
               +--------+--------+--------+--------+--------+-----+--------+

Top non-repeatable levels by time:
     D:3: 1613 daAuts
     D:1: 1298 daAuts
     D:2: 256 daAuts
